 Dungeon Crawl Stone Soup version 0.13.0-6-g40e4d2d (webtiles) character file.

167 Malachi the Insei (level 4, -3/34 HPs)
             Began as a Demonspawn Monk on Oct 15, 2013.
             Slain by obsidien's ghost (11 damage)
             ... on Level 3 of the Dungeon.
             The game lasted 00:05:13 (1880 turns).

Malachi the Insei (Demonspawn Monk)                 Turns: 1880, Time: 00:05:13

HP  -3/34        AC  4     Str 11      XL: 4   Next: 49%
MP   3/3         EV 13     Int 13      God:
Gold 65          SH  8     Dex 15      Spells:  0 memorised,  3 levels left

Res.Fire  : . . .   See Invis. : .     - Unarmed
Res.Cold  : . . .   Warding    : .   n - +0 leather armour (curse)
Life Prot.: . . .   Conserve   : .   m - +0 buckler
Res.Poison: .       Res.Corr.  : .   (no helmet)
Res.Elec. : .       Clarity    : .   i - +0 cloak
Sust.Abil.: . .     Spirit.Shd : .   (no gloves)
Res.Mut.  : .       Stasis     : .   (no boots)
Res.Rott. : .       Flight     : .   (no amulet)
Saprovore : . . .                    (no ring)
                                     (no ring)

@: slightly resistant to hostile enchantments, fairly stealthy
A: demonic guardian 1, powered by pain 1, EV +2
a: no special abilities


You were on level 3 of the Dungeon.
You were hungry.

You visited 1 branch of the dungeon, and saw 3 of its levels.

You collected 65 gold pieces.

Inventory:

Hand weapons
 j - a +1,+0 elven dagger of draining (quivered)
Armour
 a - a +0 robe
 i - a +0 cloak (worn)
 m - a +0 buckler (worn)
 n - a cursed +0 leather armour (worn)
Comestibles
 b - a bread ration
 f - a rotting chunk of bat flesh
 k - a meat ration
Scrolls
 c - 2 scrolls of noise
 d - 2 scrolls of identify
 h - 4 scrolls of enchant weapon II {unknown}
 l - a scroll of recharging {unknown}
Potions
 e - 2 potions of curing
 g - 3 potions of agility {unknown}
 o - 2 potions of brilliance {unknown}


   Skills:
 - Level 3.0 Fighting
 * Level 0.5 Short Blades
 - Level 0.1 Armour
 - Level 2.7 Dodging
 - Level 1.7 Stealth
 * Level 1.0 Shields
 - Level 5.1 Unarmed Combat


You had 3 spell levels left.
You didn't know any spells.

Dungeon Overview and Level Annotations

Branches:
Dungeon (3/27)

Altars:

Annotations:
D:3 obsidien's ghost, average MiFi


Innate Abilities, Weirdness & Mutations

You are surrounded by a mild repulsion field (EV +2).
A weak demonic guardian rushes to your aid.
You sometimes gain a little power by taking damage.


Message History

Your iron imp hits obsidien's ghost.
Obsidien's ghost says, "You must not succeed where I failed!"
Obsidien's ghost hits your iron imp but does no damage.
Your iron imp barely misses obsidien's ghost.
Obsidien's ghost hits your iron imp but does no damage.
Your iron imp disappears in a puff of smoke!
You hit obsidien's ghost.
Obsidien's ghost is almost destroyed.
Obsidien's ghost misses you.
You hit obsidien's ghost but do no damage.
Obsidien's ghost is almost destroyed.
You block obsidien's ghost's attack.
You hit obsidien's ghost but do no damage.
Obsidien's ghost is almost destroyed.
Obsidien's ghost hits you!
* * * LOW HITPOINT WARNING * * *
Obsidien's ghost shrieks, "I have seen your future, and it is all used up."
Obsidien's ghost whispers, "There is no future for you."
Obsidien's ghost hits you!
You die...

)..# #.#<#.# #.######### .#.#
#.#.#.# #.......... .#.# #.#.#.#
#..######## .#.#.# #.#.#.#.#.#..#
.....# #####.#.......#..# ##.###
#.....####..###..# ...#
#................#
########....###########.######...
#...........#...@p...............
#...).......#.#########..........
'...........+...................
#...........#.#########.........
########....#.# ########.. #
######(# . #.# .. #.# .. ..#


You could see obsidien's ghost.

Vanquished Creatures
  Ijyb (D:2)
  3 adders
  A giant gecko (D:2)
  2 oozes
  3 giant cockroaches
  7 goblins
  10 hobgoblins
  8 kobolds
  2 quokkas
  7 bats
  4 giant newts
  13 rats
61 creatures vanquished.

Vanquished Creatures (others)
  An iron imp (D:3)
  2 lemures (D:3)
  2 white imps (D:3)
  3 ufetubi (D:3)
8 creatures vanquished.

Grand Total: 69 creatures vanquished

Notes
Turn   | Place    | Note
--------------------------------------------------------------
     0 | D:1      | Malachi, the Demonspawn Monk, began the quest for the Orb.
     0 | D:1      | Reached XP level 1. HP: 16/16 MP: 0/0
   111 | D:1      | Reached skill level 4 in Unarmed Combat
   111 | D:1      | Gained mutation: You are surrounded by a mild repulsion field (EV +2). [demonic ancestry]
   111 | D:1      | Reached XP level 2. HP: 12/22 MP: 1/1
   647 | D:1      | Gained mutation: You sometimes gain a little power by taking damage. [demonic ancestry]
   647 | D:1      | Reached XP level 3. HP: 26/28 MP: 2/2
   968 | D:2      | Noticed Ijyb
   998 | D:2      | Killed Ijyb
  1170 | D:2      | Gained mutation: A weak demonic guardian rushes to your aid. [demonic ancestry]
  1170 | D:2      | Reached XP level 4. HP: 31/34 MP: 3/3
  1199 | D:2      | Reached skill level 5 in Unarmed Combat
  1623 | D:3      | Reached skill level 1 in Shields
  1751 | D:3      | Noticed obsidien's ghost (average MiFi)
  1880 | D:3      | Slain by obsidien's ghost

Action                   |  1- 3 |  4- 6 || total
-------------------------+-------+-------++-------
Melee: Unarmed           |   164 |    31 ||   195
       Dagger            |       |    53 ||    53
  Use: Scroll            |     6 |       ||     6
       Potion            |       |     1 ||     1
 Stab: Sleeping          |     3 |       ||     3
       Distracted        |       |     1 ||     1
